 Dungeon Crawl Stone Soup version 0.21.1-1-g345015fe64 (webtiles) character file.

179 Oravi the Insei (level 5, -1/37 HPs)
             Began as a Merfolk Transmuter on Apr 10, 2018.
             Slain by a gnoll
             ... wielding a +0 mace
              (6 damage)
             ... on level 4 of the Dungeon.
             The game lasted 00:08:56 (3300 turns).

Oravi the Insei (Merfolk Transmuter)                Turns: 3300, Time: 00:08:59

Health: -1/37      AC:  2    Str: 11    XL:     5   Next: 59%
Magic:  3/8        EV: 22    Int: 13    God:
Gold:   134        SH:  0    Dex: 19    Spells: 2/8 levels left

rFire    . . .     SeeInvis .     - Unarmed
rCold    . . .     Gourm    .   (shield currently unavailable)
rNeg     . . .     Faith    .   (armour currently unavailable)
rPois    x         Spirit   .   (helmet currently unavailable)
rElec    .         Reflect  .   (cloak currently unavailable)
rCorr    .         Harm     .   (gloves currently unavailable)
MR       .....                  (boots currently unavailable)
Stlth    ++........             (no amulet)
HPRegen  0.12/turn              (no ring)
MPRegen  0.11/turn              (no ring)

@: spider-form (expiring)
A: tiny, (change form in water), (swift swim), (stealthy swim)
a: End Transformation


You were on level 4 of the Dungeon.
You were not hungry.
You were a venomous arachnid creature.
You visited 1 branch of the dungeon, and saw 4 of its levels.

You collected 134 gold pieces.

Inventory:

Missiles
 a - 101 arrows
Armour
 b - a +1 robe (melded)
Jewellery
 h - an uncursed ring of ice
Scrolls
 i - a scroll of remove curse
 n - a scroll of identify
Potions
 e - a potion of heal wounds {unknown}
 f - 3 potions of lignification
 j - 2 potions of curing {unknown}
 k - 2 potions of haste
 l - a potion of berserk rage {unknown}
 m - a potion of ambrosia {unknown}
Books
 c - a book of Changes

   Spells                             Type                      Level
   a - Beastly Appendage              Transmutation                1
   b - Sticks to Snakes               Transmutation                2
   c - Spider Form                    Transmutation/Poison         3
   d - Ice Form                       Ice/Transmutation            4
   e - Blade Hands                    Transmutation                5
Comestibles
 d - 10 rations
 g - a chunk of flesh


   Skills:
 + Level 1.5 Fighting
 + Level 3.7 Dodging
 + Level 4.8 Unarmed Combat
 - Level 2.0 Spellcasting
 * Level 4.6 Transmutations
 * Level 1.5 Poison Magic


You had 2 spell levels left.
You knew the following spells:

 Your Spells              Type           Power        Failure   Level  Hunger
a - Beastly Appendage     Tmut           ##....       12%         1    ##.....
b - Sticks to Snakes      Tmut           ##......     16%         2    ###....
c - Spider Form           Tmut/Pois      #.........   43%         3    ####...


Dungeon Overview and Level Annotations

Branches:
Dungeon (4/15)
 Temple: D:4-7

Altars:


Message History

You hit the gnoll but do no damage.
The gnoll is lightly wounded.
The gnoll closely misses you.
You hit the gnoll but do no damage.
The gnoll is lightly wounded.
The gnoll hits you from afar with a spear.
The gnoll hits you with a mace.
You hit the gnoll.
The gnoll is heavily wounded.
The gnoll hits you from afar with a spear.
The gnoll hits you with a mace!
* * * LOW HITPOINT WARNING * * *
Casting: Spider Form
Confirm with . or Enter, or press ? or * to list all spells.
You turn into a venomous arachnid creature.
Your +1 robe melds into your body.
The gnoll hits you from afar with a spear.
* * * LOW HITPOINT WARNING * * *
The gnoll hits you with a mace.
You die...

.g####. ..#....
....g.. ....Z ....
..# #######..##.#
#sgglg......#
........###Z#####.#
.####.### #.# #.
#.# # #.# #.# #.#
#!# #.#


You could see 3 gnolls, a leopard gecko and a leopard gecko skeleton.

Vanquished Creatures
  A hound (D:4)
  A gnoll (D:2)
  4 adders
  An ooze (D:1)
  3 dart slugs
  2 leopard geckos (D:3)
  6 orcs
  6 giant cockroaches
  10 goblins
  9 hobgoblins
  6 jackals
  10 kobolds
  A quokka (D:2)
  8 bats
  3 frilled lizards
  7 rats
78 creatures vanquished.

Notes
Turn   | Place    | Note
-------+----------+-------------------------------------------
     0 | D:1      | Oravi the Merfolk Transmuter began the quest for the Orb.
     0 | D:1      | Reached XP level 1. HP: 15/15 MP: 3/3
    47 | D:1      | Reached XP level 2. HP: 7/21 MP: 1/5
   438 | D:1      | Reached XP level 3. HP: 20/26 MP: 4/6
   442 | D:1      | Learned a level 2 spell: Sticks to Snakes
   446 | D:1      | Learned a level 3 spell: Spider Form
  1568 | D:2      | Reached XP level 4. HP: 24/32 MP: 2/7
  2521 | D:3      | Reached skill level 1 in Poison Magic
  2762 | D:3      | Reached XP level 5. HP: 34/37 MP: 6/8
  3300 | D:4      | Slain by a gnoll

Skill      XL: |  1  2  3  4 |
---------------+-------------+-----
Transmutations | 3 4 |  4.6
Dodging        | 3 |  3.7
Unarmed Combat | 4 |  4.8
Poison Magic   | 1 |  1.5
Fighting       | |  1.5
Spellcasting   | |  2.0

Action                   |  1- 3 |  4- 6 || total
-------------------------+-------+-------++-------
Melee: Unarmed           |   120 |   120 ||   240
       Headbutt          |    13 |     4 ||    17
       Punch             |     1 |     1 ||     2
 Cast: Beastly Appendage |    19 |     5 ||    24
       Spider Form       |     1 |    14 ||    15
  Use: Scroll            |       |     6 ||     6
  Eat: Chunk             |     3 |     8 ||    11
Armor: Robe              |    23 |    12 ||    35
       Skin              |       |     2 ||     2
Dodge: Dodged            |    92 |   103 ||   195
